[Event "Titled Tuesday Blitz December 06 Late 2022"]
[White "Romero Ruscalleda, Josep"]
[Black "Battlecruiser_Operational"]
[WhiteFideId "2231859"]
[WhiteElo "2183"]
[BlackElo "2284"]
[Result "0-1"]
[Round "10"]
[TimeControl "180+1"]
[Date "2022.12.07"]
[WhiteClock "0:00:01"]
[BlackClock "0:00:07"]

1. e4 c6 2. Nc3 d5 3. Nf3 dxe4 4. Nxe4 Nf6 5. Qe2 Nxe4 6. Qxe4 Nd7 7. Bc4 Nf6 8. Ne5 e6 9. Qe2 Bd6 10. d4 Qc7 11. O-O b5 12. Bd3 Bb7 13. h3 a6 14. Bf4 c5 15. dxc5 Qxc5 16. Rfe1 O-O 17. Bg3 Qd5 18. Qf1 Rfd8 19. a4 b4 20. Rad1 Qc5 21. Qe2 Be7 22. b3 Rac8 23. Kh2 a5 24. Bc4 Bd5 25. Bd3 h6 26. f4 Bd6 27. Bf2 Qc7 28. Rd2 Bc5 29. Bg3 Qa7 30. Bb5 Bd4 31. Bc4 Bc3 32. Rxd5 Nxd5 33. Rd1 Nf6 34. Bf2 Qc7 35. Rd3 Nd5 36. Ng4 Nxf4 37. Qe4 Nxd3+ 0-1


[Site "https://www.chess.com"]

[Event "Titled Tuesday Blitz December 06 Late 2022"]
[White "Sadhwani, Raunak"]
[Black "Abasov, Nijat"]
[WhiteFideId "35093487"]
[BlackFideId "13402960"]
[WhiteElo "2657"]
[BlackElo "2546"]
[Result "1-0"]
[Round "10"]
[TimeControl "180+1"]
[Date "2022.12.06"]
[WhiteClock "0:01:39"]
[BlackClock "0:00:28"]

1. d4 Nf6 2. Nf3 d5 3. Bf4 c5 4. e3 Qb6 5. Nbd2 e6 6. Rb1 cxd4 7. exd4 Nc6 8. c3 Be7 9. Bd3 O-O 10. O-O Qd8 11. Re1 Nh5 12. Be3 f5 13. Nf1 Qe8 14. c4 Nf6 15. Bf4 Bd7 16. Ne3 dxc4 17. Bxc4 Na5 18. Bd3 Rc8 19. d5 exd5 20. Nxf5 Bxf5 21. Bxf5 Rc4 22. Bg5 Nc6 23. Bxf6 Rxf6 24. Qxd5+ Qf7 25. Be6 Rxe6 26. Qxe6 Qxe6 27. Rxe6 Rc2 28. Nd4 1-0


[Site "https://www.chess.com"]

[Event "Titled Tuesday Blitz December 06 Late 2022"]
[White "Sanchez, Robert"]
[Black "Curtis, John"]
[WhiteFideId "2034360"]
[BlackFideId "3200256"]
[WhiteElo "2315"]
[BlackElo "2203"]
[Result "1-0"]
[Round "10"]
[TimeControl "180+1"]
[Date "2022.12.07"]
[WhiteClock "0:00:12"]
[BlackClock "0:00:02"]

1. e4 c5 2. d4 e6 3. Nf3 cxd4 4. Nxd4 Nf6 5. Nc3 Nc6 6. Ndb5 Bb4 7. a3 Bxc3+ 8. Nxc3 d5 9. exd5 Nxd5 10. Nxd5 exd5 11. Bd3 Qe7+ 12. Be2 Be6 13. O-O O-O 14. Be3 d4 15. Bxd4 Rfd8 16. c3 Nxd4 17. cxd4 Qf6 18. Bf3 Rxd4 19. Qc1 Rc8 20. Qe3 b6 21. h3 g6 22. Rac1 Rdc4 23. Rxc4 Bxc4 24. Rc1 Qxb2 25. Bd5 b5 26. h4 a6 27. h5 Rd8 28. Bxc4 bxc4 29. h6 Qd4 30. Qe7 Rf8 31. Re1 1-0


[Site "https://www.chess.com"]

[Event "Titled Tuesday Blitz December 06 Late 2022"]
[White "Santos Flores, Alberto"]
[Black "Rosen, Eric"]
[WhiteFideId "3601234"]
[BlackFideId "2032562"]
[WhiteElo "2235"]
[BlackElo "2362"]
[Result "1/2-1/2"]
[Round "10"]
[TimeControl "180+1"]
[Date "2022.12.06"]
[WhiteClock "0:00:04"]
[BlackClock "0:00:03"]

1. d4 d5 2. c3 Nf6 3. Nf3 c5 4. Bf4 e6 5. e3 Bd6 6. Bg3 O-O 7. Nbd2 Qc7 8. Be2 Nbd7 9. Bxd6 Qxd6 10. O-O e5 11. dxe5 Nxe5 12. c4 Be6 13. cxd5 Qxd5 14. Nxe5 Qxe5 15. Bc4 Rfd8 16. Bxe6 Qxe6 17. Qc2 Rac8 18. Rfd1 b6 19. h3 h6 20. a3 Rd7 21. Nf3 Rcd8 22. Rxd7 Qxd7 23. b4 Rc8 24. Rc1 c4 25. Nd4 b5 26. Qf5 Qxf5 27. Nxf5 Rd8 28. Nd4 a6 29. a4 bxa4 30. Rxc4 Rb8 31. Rc6 Rxb4 32. Rxa6 Nd5 33. Ra7 g6 34. Nc6 Rb1+ 35. Kh2 Nc3 36. Ne5 Rb2 37. Nxf7 Rxf2 38. Nxh6+ Kf8 39. Ng4 Ra2 40. Ne5 g5 41. Kg3 Re2 42. Kg4 Rxe3 43. Kf5 Ke8 44. Ke6 Kd8 45. Kd6 Kc8 46. Ra8+ Kb7 47. Rg8 a3 48. Nc4 Rd3+ 49. Kc5 a2 50. Rg7+ Kb8 51. Rg8+ Kc7 52. Rg7+ Kd8 53. Ra7 Rd1 54. Kb4 a1=Q 55. Rxa1 Rxa1 56. Kxc3 Rg1 57. Kd4 Rxg2 58. Ke4 Ke7 59. Kf5 Rg3 60. Ne5 Rxh3 61. Kxg5 Ke6 62. Ng4 Rf3 63. Nh6 1/2-1/2


[Site "https://www.chess.com"]

[Event "Titled Tuesday Blitz December 06 Late 2022"]
[White "Seletsky, Grigory"]
[Black "Saya, Ethan"]
[WhiteFideId "14112191"]
[BlackFideId "26095181"]
[WhiteElo "2492"]
[BlackElo "2178"]
[Result "1-0"]
[Round "10"]
[TimeControl "180+1"]
[Date "2022.12.07"]
[WhiteClock "0:00:20"]
[BlackClock "0:01:18"]

1. d4 Nf6 2. c4 e6 3. g3 c5 4. dxc5 Bxc5 5. Bg2 Nc6 6. Nf3 d5 7. cxd5 Qxd5 8. Qxd5 Nxd5 9. a3 O-O 10. O-O Be7 11. e4 Nb6 12. Re1 e5 13. h3 Be6 14. Nbd2 f6 15. b4 Rfd8 16. Bb2 Rac8 17. Rac1 a6 18. Bf1 Na7 19. Kg2 Nb5 20. Rxc8 Rxc8 21. Rc1 Rxc1 22. Bxc1 Na4 23. Bc4 Kf7 24. Ne1 Nd4 25. Bxe6+ Kxe6 26. Nd3 b5 27. f4 Nc3 28. f5+ Kd7 29. Bb2 Na4 30. Bxd4 exd4 31. Nb3 Kc6 32. Nxd4+ Kb6 33. Nf4 Nc3 34. Nd5+ Nxd5 35. exd5 a5 36. Nc6 axb4 37. axb4 Bxb4 38. Nxb4 Kc5 39. Kf3 h5 40. g4 hxg4+ 41. hxg4 Kxb4 42. d6 Kc5 43. d7 b4 44. d8=Q b3 45. Qb8 Kc4 46. Qc7+ Kd3 47. Qxg7 b2 48. Qb7 Kc2 49. g5 fxg5 50. Kg4 b1=Q 51. Qxb1+ Kxb1 52. Kxg5 Kc2 53. f6 Kd3 54. f7 Kd4 55. f8=Q Kd5 56. Qe7 Kc6 57. Qe5 Kd7 58. Qf6 Kc7 59. Qe6 Kb7 60. Qd6 Ka7 61. Qc6 Kb8 62. Qd7 Ka8 63. Kf5 Kb8 64. Ke5 Ka8 65. Kd5 Kb8 66. Kc5 Ka8 67. Kb6 Kb8 68. Qb7# 1-0


[Site "https://www.chess.com"]

[Event "Titled Tuesday Blitz December 06 Late 2022"]
[White "Simonovic, Miroslav"]
[Black "Graif, William"]
[WhiteFideId "919152"]
[BlackFideId "2609835"]
[WhiteElo "2057"]
[BlackElo "2205"]
[Result "0-1"]
[Round "10"]
[TimeControl "180+1"]
[Date "2022.12.07"]
[WhiteClock "0:00:24"]
[BlackClock "0:00:19"]

1. d4 Nf6 2. Bg5 d5 3. Bxf6 exf6 4. e3 c6 5. a3 Nd7 6. c4 dxc4 7. Bxc4 f5 8. g3 Bd6 9. Ne2 Nf6 10. Nbc3 a6 11. b4 Qe7 12. Bd3 Bd7 13. Na4 Ne4 14. Nb6 Rd8 15. Nxd7 Rxd7 16. Qc2 g6 17. O-O h5 18. h4 g5 19. Bxe4 fxe4 20. hxg5 h4 21. Nf4 Kd8 22. Kg2 Bxf4 23. gxf4 Qe6 24. Qe2 f6 25. f3 Rg7 26. fxe4 fxg5 27. f5 Qxe4+ 28. Qf3 Qxf3+ 29. Rxf3 g4 30. Rf4 g3 31. Rh1 h3+ 32. Kg1 g2 33. Rh2 Rg3 34. f6 Rxe3 35. Rxg2 hxg2 36. Kxg2 Rf8 37. f7 Re7 38. Kg3 Rfxf7 39. Rh4 Rh7 40. Rf4 Rhf7 41. Rh4 Re3+ 42. Kg2 Rxa3 43. Rh8+ Kc7 44. Re8 Rb3 45. d5 cxd5 46. Re2 Rd7 47. Rc2+ Kb6 48. b5 axb5 49. Kf2 d4 50. Ke1 d3 51. Rd2 Rc3 52. Kd1 Rc2 53. Rxd3 Rxd3+ 54. Kxc2 Rd6 55. Kb2 Rc6 56. Kb3 Ka5 57. Ka3 b4+ 58. Kb2 Rc3 59. Ka2 Ka4 60. Kb2 Rh3 61. Ka2 Rh2+ 62. Kb1 Kb3 63. Kc1 Rh1+ 64. Kd2 Ka2 65. Kd3 b3 66. Kc4 b2 67. Kb4 b1=Q+ 68. Ka5 Qd3 69. Ka4 Rh4+ 70. Ka5 Qd5+ 71. Kb6 Qc6+ 72. Ka7 b5 73. Kb8 Rh8+ 74. Ka7 Ra8# 0-1


[Site "https://www.chess.com"]

[Event "Titled Tuesday Blitz December 06 Late 2022"]
[White "Souleidis, Georgios"]
[Black "Makridis, Dimitrios"]
[WhiteFideId "4206827"]
[BlackFideId "25864475"]
[WhiteElo "2401"]
[BlackElo "2272"]
[Result "0-1"]
[Round "10"]
[TimeControl "180+1"]
[Date "2022.12.06"]
[WhiteClock "0:00:03"]
[BlackClock "0:00:41"]

1. e4 c5 2. Be2 Nf6 3. d3 d5 4. e5 Nfd7 5. f4 Nc6 6. Nf3 g6 7. O-O Bg7 8. c3 O-O 9. d4 b6 10. Be3 Bb7 11. Nbd2 e6 12. Bd3 cxd4 13. Nxd4 Nc5 14. Bc2 Rc8 15. Rf3 Nxd4 16. Bxd4 Ne4 17. Nxe4 dxe4 18. Re3 Bh6 19. Bxe4 Bxe4 20. Rxe4 Qd5 21. Qf3 Rfd8 22. Re3 Qb5 23. Qf2 Bf8 24. Rd1 Bc5 25. Red3 Qa4 26. b3 Bxd4 27. Rxd4 Rxd4 28. Rxd4 Qa3 29. Qd2 Qc5 30. Kf1 Qxc3 31. Qxc3 Rxc3 32. Ke2 Rc1 33. Rd7 a5 34. Rd2 Kg7 35. g3 h6 36. Rd6 Rh1 37. h4 Rh2+ 38. Kf3 b5 39. a4 Rb2 40. Rd3 bxa4 41. bxa4 Rb4 42. Ra3 g5 43. hxg5 hxg5 44. Kg4 Kg6 45. Ra1 gxf4 46. gxf4 f6 47. exf6 e5 48. f7 Rxf4+ 49. Kg3 Kxf7 50. Re1 Ke6 51. Ra1 Kf5 52. Kg2 e4 53. Rb1 e3 54. Rb5+ Ke4 55. Rxa5 e2 56. Ra8 Rf1 57. Re8+ Kd3 58. Rd8+ Kc4 59. Rc8+ Kb4 60. Rb8+ Ka3 61. Ra8 e1=Q 0-1


[Site "https://www.chess.com"]

[Event "Titled Tuesday Blitz December 06 Late 2022"]
[White "Storey, Charles H"]
[Black "Martinez Reyes, Pedro Ramon"]
[WhiteFideId "406686"]
[BlackFideId "3901807"]
[WhiteElo "2251"]
[BlackElo "2354"]
[Result "0-1"]
[Round "10"]
[TimeControl "180+1"]
[Date "2022.12.07"]
[WhiteClock "0:00:19"]
[BlackClock "0:01:11"]

1. e4 Nf6 2. e5 Ng8 3. d4 d6 4. Nf3 dxe5 5. Nxe5 Nd7 6. Nf3 Ngf6 7. c4 g6 8. Nc3 Bg7 9. Bg5 O-O 10. Qd2 c6 11. Be2 Re8 12. O-O Nf8 13. h3 Bf5 14. Rfe1 Ne6 15. Be3 Ne4 16. Nxe4 Bxe4 17. Rad1 c5 18. d5 Bxf3 19. Bxf3 Nd4 20. Be4 Qd6 21. b4 b6 22. Bf4 Be5 23. Bxe5 Qxe5 24. Bxg6 Qg7 25. Be4 f5 26. Re3 Kh8 27. bxc5 bxc5 28. Bd3 f4 29. Kh1 Rg8 30. Be4 fxe3 31. fxe3 Qe5 32. Bxh7 Nf3 33. Qf2 Qh2# 0-1


[Site "https://www.chess.com"]

[Event "Titled Tuesday Blitz December 06 Late 2022"]
[White "Szyszylo, Rafal"]
[Black "Espinosa, Pedro"]
[WhiteFideId "1109626"]
[BlackFideId "30921066"]
[WhiteElo "1981"]
[BlackElo "2016"]
[Result "1-0"]
[Round "10"]
[TimeControl "180+1"]
[Date "2022.12.07"]
[WhiteClock "0:01:13"]
[BlackClock "0:00:04"]

1. e4 c5 2. Nf3 d6 3. d4 cxd4 4. Nxd4 Nf6 5. Nc3 Nc6 6. Bc4 Qb6 7. Nde2 g6 8. Bb3 Bg7 9. Be3 Qc7 10. f3 a6 11. Qd2 O-O 12. h4 b5 13. h5 b4 14. Na4 Ne5 15. hxg6 Nxg6 16. Bh6 Be6 17. Bxg7 Kxg7 18. Qh6+ Kg8 19. O-O-O Bxb3 20. axb3 Rac8 21. Rd2 d5 22. g4 dxe4 23. g5 e3 24. gxf6 exd2+ 25. Kb1 d1=Q+ 26. Ka2 exf6 27. Qxh7# 1-0


[Site "https://www.chess.com"]

[Event "Titled Tuesday Blitz December 06 Late 2022"]
[White "Tanenbaum, Zachary"]
[Black "Vlassov, Nikolai"]
[WhiteFideId "2060850"]
[BlackFideId "4103360"]
[WhiteElo "2175"]
[BlackElo "2324"]
[Result "1-0"]
[Round "10"]
[TimeControl "180+1"]
[Date "2022.12.06"]
[WhiteClock "0:00:20"]
[BlackClock "0:00:02"]

1. e4 c5 2. Nf3 d6 3. d4 cxd4 4. Nxd4 Nf6 5. Nc3 g6 6. Be3 a6 7. f3 Nbd7 8. g4 h6 9. Qd2 Qc7 10. O-O-O b5 11. h4 Bb7 12. Bh3 Ne5 13. g5 Nc4 14. Qd3 Nd7 15. Nd5 Bxd5 16. exd5 Nde5 17. Qc3 b4 18. Qb3 Nxe3 19. Qxe3 Bg7 20. f4 Nc4 21. Qe4 O-O 22. h5 Qa5 23. Kb1 Rab8 24. hxg6 Na3+ 25. Kc1 Bxd4 26. Qxd4 Nb5 27. Qc4 b3 28. gxf7+ Rxf7 29. Qxb3 Rbf8 30. Be6 Nc7 31. g6 Nxe6 32. gxf7+ Rxf7 33. dxe6 1-0


[Site "https://www.chess.com"]

[Event "Titled Tuesday Blitz December 06 Late 2022"]
[White "Timmermans, Mark"]
[Black "Ibarra Jerez, Jose Carlos"]
[WhiteFideId "1026399"]
[BlackFideId "2226332"]
[WhiteElo "2460"]
[BlackElo "2638"]
[Result "0-1"]
[Round "10"]
[TimeControl "180+1"]
[Date "2022.12.06"]
[WhiteClock "0:00:23"]
[BlackClock "0:01:13"]

1. b4 Nf6 2. Bb2 g6 3. b5 Bg7 4. c4 O-O 5. a4 d6 6. e3 e5 7. Nc3 Re8 8. Nf3 e4 9. Nd4 Nbd7 10. Be2 Nc5 11. O-O h5 12. f3 exf3 13. Bxf3 Nd3 14. Ba3 Ne5 15. Be2 c5 16. Nf3 Be6 17. d3 Nfg4 18. Qd2 Bh6 19. Nd1 Nxe3 20. Nxe3 Ng4 21. Qc3 Bxe3+ 22. Kh1 Nf2+ 23. Rxf2 Bxf2 24. Bb2 f6 25. Rf1 Be3 26. Nh4 Bd4 27. Qd2 Bxb2 28. Qh6 Qe7 29. Qxg6+ Qg7 30. Qxh5 Qg5 0-1


[Site "https://www.chess.com"]

[Event "Titled Tuesday Blitz December 06 Late 2022"]
[White "Tomaszewski, Kacper"]
[Black "Rose, Felix"]
[WhiteFideId "1127373"]
[BlackFideId "5105722"]
[WhiteElo "2211"]
[BlackElo "2039"]
[Result "1-0"]
[Round "10"]
[TimeControl "180+1"]
[Date "2022.12.07"]
[WhiteClock "0:00:23"]
[BlackClock "0:00:01"]

1. Nf3 d5 2. c4 e6 3. e3 Nf6 4. Nc3 c5 5. cxd5 Nxd5 6. Bb5+ Bd7 7. Bxd7+ Qxd7 8. O-O Nc6 9. b3 Be7 10. Bb2 O-O 11. Nxd5 Qxd5 12. d4 cxd4 13. Nxd4 Nxd4 14. Qxd4 Qxd4 15. Bxd4 Rfc8 16. Rac1 a6 17. Bb2 Kf8 18. Rfd1 Ke8 19. Bxg7 f6 20. e4 Kf7 21. Bh6 Ba3 22. Rxc8 Rxc8 23. Be3 Rc2 24. Rd7+ Kg6 25. Rxb7 Rxa2 26. g3 a5 27. Kg2 Bb4 28. h4 h5 29. Rb6 e5 30. Kh3 Rb2 31. g4 Rxb3 32. gxh5+ Kh7 33. Rb7+ Kh8 34. Kg4 a4 35. Kf5 Bf8 36. Ra7 a3 37. Kg6 Rb8 38. h6 Rc8 39. h5 Bb4 40. h7 1-0


[Site "https://www.chess.com"]

[Event "Titled Tuesday Blitz December 06 Late 2022"]
[White "Toncheva, Nadya"]
[Black "Womacka, Mathias"]
[WhiteFideId "2924056"]
[BlackFideId "4611390"]
[WhiteElo "2101"]
[BlackElo "2377"]
[Result "1-0"]
[Round "10"]
[TimeControl "180+1"]
[Date "2022.12.07"]
[WhiteClock "0:00:04"]
[BlackClock "0:00:01"]

1. e4 c5 2. Nf3 d6 3. d4 cxd4 4. Nxd4 Nf6 5. Nc3 a6 6. Be2 e5 7. Nf3 Be7 8. O-O Be6 9. h3 O-O 10. a4 h6 11. Be3 Nbd7 12. Nh4 Rc8 13. Nf5 Bxf5 14. exf5 Nb6 15. a5 Nc4 16. Bxc4 Rxc4 17. Qd3 Rc6 18. Bb6 Qd7 19. Rfd1 Bd8 20. Bxd8 Rxd8 21. Rd2 d5 22. Rad1 d4 23. Ne4 Qxf5 24. Nxf6+ Qxf6 25. Qe4 Rdc8 26. Re1 g6 27. Qxe5 Qxe5 28. Rxe5 Rxc2 29. Rxd4 Rxb2 30. Rd7 Rc1+ 31. Kh2 Rxf2 32. Re8+ Kg7 33. Rxb7 Rcc2 34. Rb6 Rxg2+ 35. Kh1 Rgd2 36. Re1 Rc3 37. Rxa6 Rxh3+ 38. Kg1 Ra3 39. Ra7 Rd5 40. a6 Rd6 41. Ree7 Rf6 42. Red7 g5 43. Re7 Kg6 44. Re8 Raxa6 45. Rg8+ Kh5 46. Rb7 Rfd6 47. Rb2 Rd4 48. Rh2+ Rh4 49. Rf2 Rg4+ 50. Kh2 Ra3 51. Rxf7 Rb4 52. Rf2 Rbb3 53. Kg2 Rg3+ 54. Kf1 1-0


[Site "https://www.chess.com"]

[Event "Titled Tuesday Blitz December 06 Late 2022"]
[White "Torres Dominguez, David"]
[Black "Dias, Joao Batista"]
[WhiteFideId "2220857"]
[BlackFideId "2108240"]
[WhiteElo "2037"]
[BlackElo "1898"]
[Result "0-1"]
[Round "10"]
[TimeControl "180+1"]
[Date "2022.12.07"]
[WhiteClock "0:00:20"]
[BlackClock "0:01:17"]

1. e4 e5 2. Bc4 c6 3. d4 d5 4. exd5 cxd5 5. Bb5+ Bd7 6. Bxd7+ Nxd7 7. dxe5 Nxe5 8. Nf3 Nxf3+ 9. Qxf3 Be7 10. O-O Nf6 11. Rd1 O-O 12. Be3 Qc7 13. Nc3 Rfd8 14. Rac1 b6 15. Nxd5 Nxd5 16. Rxd5 Rxd5 17. Qxd5 Rd8 18. Qe4 Bf6 19. c3 Qd7 20. g3 g6 21. Qf3 Kg7 22. Re1 Qd3 23. Kg2 h5 24. Bf4 Qxf3+ 25. Kxf3 Rd7 26. Be5 Rd5 27. Bxf6+ Kxf6 28. Re4 Ra5 29. a3 Rb5 30. Rb4 Rd5 31. Re4 Rb5 32. Re2 g5 33. Ke3 Rd5 34. Rd2 Re5+ 35. Kd4 Re7 36. c4 Kf5 37. h3 g4 38. h4 Rd7+ 39. Kc3 Rc7 40. b4 Ke4 41. a4 Kf3 42. Kb3 f5 43. b5 f4 44. Kb4 fxg3 45. fxg3 Kxg3 46. a5 Kxh4 47. axb6 axb6 48. Rd5 g3 49. Rd8 g2 50. Rg8 Kh3 0-1


[Site "https://www.chess.com"]

[Event "Titled Tuesday Blitz December 06 Late 2022"]
[White "Vargas, Mauricio"]
[Black "Stanisz, Patryk"]
[WhiteFideId "4404572"]
[BlackFideId "1123106"]
[WhiteElo "2025"]
[BlackElo "2069"]
[Result "0-1"]
[Round "10"]
[TimeControl "180+1"]
[Date "2022.12.07"]
[WhiteClock "0:01:20"]
[BlackClock "0:00:40"]

1. e4 c5 2. Nc3 Nc6 3. f4 g6 4. Nf3 Bg7 5. Bb5 Nd4 6. Bf1 Rb8 7. d3 b5 8. g3 d6 9. Bg2 e6 10. O-O b4 11. Ne2 Nxf3+ 12. Bxf3 Ne7 13. h3 Nc6 14. c3 bxc3 15. bxc3 O-O 16. g4 Qa5 17. Bd2 Qa6 18. Kg2 Qxd3 19. e5 d5 20. Ng3 Rb2 21. Rf2 Ba6 22. Be2 Qxd2 23. Qxd2 Rxd2 24. Bxa6 Rxf2+ 25. Kxf2 Rb8 26. Ke2 c4 27. Kf3 Kf8 28. a4 Rb3 29. Rc1 Ke7 30. Bb5 Nd4+ 31. Kf2 Nxb5 32. axb5 Rxb5 33. Rc2 Kd7 34. Ra2 a5 35. Ne2 Bf8 36. Nd4 Bc5 37. Kf3 Bxd4 38. cxd4 Kc6 39. Ke3 Rb3+ 40. Kd2 Kb5 41. Kc2 Rxh3 42. Rb2+ Rb3 43. Rxb3+ cxb3+ 44. Kxb3 h5 45. gxh5 gxh5 46. Kc3 h4 47. Kd3 a4 48. Kc2 h3 49. Kd3 h2 50. Ke2 h1=Q 51. Ke3 Qh3+ 52. Kf2 a3 53. Ke2 a2 54. Kf2 a1=Q 55. f5 Qa2+ 56. Kg1 Qhg2# 0-1


[Site "https://www.chess.com"]

[Event "Titled Tuesday Blitz December 06 Late 2022"]
[White "Weisz, Bryan"]
[Black "Ardila, Oscar Humberto"]
[WhiteFideId "30934133"]
[BlackFideId "4404742"]
[WhiteElo "2299"]
[BlackElo "1961"]
[Result "1-0"]
[Round "10"]
[TimeControl "180+1"]
[Date "2022.12.07"]
[WhiteClock "0:00:14"]
[BlackClock "0:00:06"]

1. e4 e5 2. Nf3 Nc6 3. Bc4 Nf6 4. Ng5 d5 5. Bb5 dxe4 6. Bc4 Be6 7. Bxe6 fxe6 8. Nxe6 Qd7 9. Nxf8 Rxf8 10. O-O O-O-O 11. Nc3 Nd4 12. Ne2 Qf5 13. Nxd4 exd4 14. d3 Rd5 15. dxe4 Nxe4 16. Qe2 c5 17. Re1 Qxf2+ 18. Qxf2 Nxf2 19. Bd2 Ng4 20. Re7 Rd7 21. Rae1 Nf6 22. Bg5 Nd5 23. R7e5 h6 24. Bd2 Kc7 25. c4 Nf4 26. Rxc5+ Kb6 27. Rb5+ Kc6 28. Bxf4 Rxf4 29. Ree5 b6 30. Rbd5 Rxd5 31. Rxd5 a6 32. g3 Re4 33. Kf2 b5 34. Kf3 Re3+ 35. Kf2 Re4 36. b3 bxc4 37. bxc4 g5 38. Kf3 Re3+ 39. Kf2 Re4 40. Ra5 g4 41. Rxa6+ Kc5 42. Rxh6 Kxc4 43. Rc6+ Kd3 44. a4 Re2+ 45. Kf1 Rxh2 46. a5 Ra2 47. a6 Ke3 48. Re6+ Kf3 49. Ke1 Kxg3 50. Kd1 Kf3 51. Rf6+ Ke3 52. Rg6 Kd3 53. Kc1 Rc2+ 54. Kb1 Rg2 55. a7 Rg1+ 56. Kb2 Rg2+ 57. Kb3 Rg1 58. a8=Q Rb1+ 59. Ka2 Rc1 60. Qa6+ Kd2 61. Rxg4 Rc2+ 62. Kb3 d3 63. Rd4 Rc3+ 64. Kb4 Kc2 65. Qa2+ Kd1 66. Qb1+ Rc1 67. Qxd3+ Ke1 68. Re4+ 1-0


[Site "https://www.chess.com"]

[Event "Titled Tuesday Blitz December 06 Late 2022"]
[White "Winterberg, Lukas"]
[Black "Pinheiro, Iung Alicio de O."]
[WhiteFideId "24622702"]
[BlackFideId "2104350"]
[WhiteElo "2350"]
[BlackElo "2283"]
[Result "1-0"]
[Round "10"]
[TimeControl "180+1"]
[Date "2022.12.07"]
[WhiteClock "0:00:33"]
[BlackClock "0:00:22"]

1. c4 c5 2. g3 g6 3. Bg2 Bg7 4. Nc3 Nc6 5. d3 d6 6. Qd2 h5 7. h4 Qd7 8. b3 b6 9. Bb2 Bb7 10. Nh3 Nh6 11. Nf4 Nf5 12. O-O-O O-O-O 13. e3 e6 14. Ne4 Ne5 15. d4 cxd4 16. exd4 Ng4 17. Kb1 d5 18. cxd5 exd5 19. Ng5 Kb8 20. Rhe1 Nf6 21. Nd3 Ne4 22. Nxe4 dxe4 23. Qf4+ Qd6 24. Bxe4 Qxf4 25. Nxf4 Nxd4 26. Bxb7 Kxb7 27. Re7+ Kb8 28. Rxf7 Rhg8 29. Rxg7 Rxg7 30. Rxd4 Rxd4 31. Bxd4 Rg8 32. Kc2 Kb7 33. Kd3 Kc6 34. Ke4 Kd6 35. Be5+ Kc6 36. a4 a6 37. Bc3 Re8+ 38. Kd3 Rd8+ 39. Ke3 Re8+ 40. Kf3 Rd8 41. Ke4 Re8+ 42. Be5 Rg8 43. f3 Kc5 44. Bc3 Re8+ 45. Kd3 Rd8+ 46. Kc2 Rg8 47. g4 hxg4 48. fxg4 g5 49. hxg5 Kd6 50. Bf6 Kc5 51. g6 Kd6 52. g5 Kd7 53. g7 Kd6 54. Ng6 Rc8+ 55. Kb2 Ke6 56. Ne7 Kf7 57. Nxc8 Kg8 58. Ne7+ Kf7 59. g8=Q# 1-0


[Site "https://www.chess.com"]

[Event "Titled Tuesday Blitz December 06 Late 2022"]
[White "Yurasova, Daria"]
[Black "Walentukiewicz, Michal"]
[WhiteFideId "34146919"]
[BlackFideId "1126903"]
[WhiteElo "2098"]
[BlackElo "2028"]
[Result "0-1"]
[Round "10"]
[TimeControl "180+1"]
[Date "2022.12.07"]
[WhiteClock "0:00:05"]
[BlackClock "0:00:15"]

1. d4 g6 2. c4 Bg7 3. Nc3 c5 4. Nf3 cxd4 5. Nxd4 Nc6 6. e3 Nf6 7. Be2 O-O 8. O-O Nxd4 9. exd4 d5 10. b3 b6 11. Bb2 Bb7 12. Rc1 Rc8 13. Bf3 Qd7 14. Re1 dxc4 15. Bxb7 Qxb7 16. Ba3 Rfe8 17. bxc4 Rxc4 18. Ne2 Rxc1 19. Qxc1 Nd5 20. Ng3 Bxd4 21. Qd2 Bg7 22. Rd1 e6 23. h3 Rc8 24. Ne4 Nc3 25. Nd6 Qa6 26. Nxc8 Qxa3 27. Re1 Nd5 28. Qg5 Bf6 29. Qg3 Qxa2 30. Qb8 Kg7 31. Qxa7 Qd2 32. Rf1 Bd4 33. Nd6 Qf4 34. Qd7 Be5 35. g3 Qd4 36. Qxf7+ Kh6 37. Qf8+ Kg5 38. Nf7+ Kf6 39. Nxe5+ Kxe5 40. Qh8+ Ke4 41. Qxh7 Qf6 42. Qd7 g5 43. Qa4+ Kf5 44. Qc2+ Ke5 45. Qe2+ Kd6 46. Qe4 b5 47. Kg2 b4 48. Rd1 Kc5 49. Rc1+ Nc3 50. Qe3+ Kc4 51. Qe4+ Kc5 52. Qe3+ Kc4 53. Qe2+ Kc5 54. Qb2 Qd4 55. Kh2 e5 56. Re1 e4 57. Qc2 Qd3 58. Qb3 Qd2 59. Rf1 e3 60. Kg2 e2 61. Rh1 e1=Q 62. Rxe1 Qxe1 63. Qf7 Qe4+ 64. Kh2 g4 65. Qf8+ Kc4 66. hxg4 Qxg4 67. Qf7+ Kd3 68. Qh7+ Qe4 69. Qd7+ Ke2 70. f4 Kf1 71. Kh3 Ke2 72. f5 Nd5 73. Qe6 Qxe6 74. fxe6 b3 0-1


[Site "https://www.chess.com"]

[Event "Titled Tuesday Blitz December 06 Late 2022"]
[White "Zhu, Jiner"]
[Black "Reprintsev, Alexander"]
[WhiteFideId "8608059"]
[BlackFideId "14100541"]
[WhiteElo "2384"]
[BlackElo "2230"]
[Result "1-0"]
[Round "10"]
[TimeControl "180+1"]
[Date "2022.12.07"]
[WhiteClock "0:00:45"]
[BlackClock "0:00:01"]

1. c4 e5 2. Nc3 Nc6 3. Nf3 Bb4 4. Nd5 e4 5. Nxb4 Nxb4 6. Nd4 Nf6 7. a3 Nc6 8. Nc2 d5 9. cxd5 Qxd5 10. Ne3 Qe5 11. g3 Ng4 12. Bg2 Nxe3 13. fxe3 Bf5 14. O-O O-O-O 15. Qc2 Bg6 16. Rb1 h5 17. Rf4 h4 18. gxh4 f5 19. b4 Qe7 20. Qc5 Rd6 21. Bb2 Rxh4 22. Rxh4 Qxh4 23. b5 Nd8 24. Be5 Rd7 25. Qxa7 Rxd2 26. Qc5 Ne6 27. Qc4 Bf7 28. b6 c6 29. Qa4 Kd7 30. Qa8 Nd8 31. Qb8 1-0


[Site "https://www.chess.com"]

[Event "Titled Tuesday Blitz December 06 Late 2022"]
[White "monkins"]
[Black "Bryant, Todd"]
[BlackFideId "2031299"]
[WhiteElo "2234"]
[BlackElo "2324"]
[Result "0-1"]
[Round "10"]
[TimeControl "180+1"]
[Date "2022.12.07"]
[WhiteClock "0:00:03"]
[BlackClock "0:00:09"]

1. Nf3 Nf6 2. c4 g6 3. Nc3 Bg7 4. g3 O-O 5. Bg2 c5 6. d4 d6 7. O-O Nc6 8. dxc5 dxc5 9. Be3 Be6 10. Qa4 Nd4 11. Rfd1 Bd7 12. Qa3 Nc2 13. Qxc5 Nxa1 14. Rxa1 b6 15. Qb4 Rc8 16. Ne5 Qc7 17. Nxd7 Qxd7 18. Rd1 Qe6 19. Nd5 Nxd5 20. Bxd5 Qe5 21. b3 e6 22. Bf3 Rfd8 23. Rxd8+ Rxd8 24. Qe7 Qd6 25. Qxa7 Bd4 26. Bxd4 Qxd4 27. Kg2 h5 28. h4 Rd7 29. Qb8+ Kg7 30. Qc8 Rd8 31. Qc6 Rd6 32. Qb5 Qc5 33. a4 Qxb5 34. cxb5 Kf8 35. Be4 Ke7 36. Bd3 e5 37. Kf3 f5 38. Bc4 Rd2 39. e4 fxe4+ 40. Ke3 Rd4 0-1


[Site "https://www.chess.com"]

[Event "Titled Tuesday Blitz December 06 Late 2022"]
[White "Abasov, Nijat"]
[Black "Chigaev, Maksim"]
[WhiteFideId "13402960"]
[BlackFideId "4108116"]
[WhiteElo "2546"]
[BlackElo "2542"]
[Result "0-1"]
[Round "11"]
[TimeControl "180+1"]
[Date "2022.12.06"]
[WhiteClock "0:00:01"]
[BlackClock "0:00:05"]

1. d4 Nf6 2. Nf3 g6 3. g3 Bg7 4. Bg2 O-O 5. O-O d6 6. Nc3 Nc6 7. e4 Bg4 8. h3 Bxf3 9. Bxf3 Nd7 10. d5 Nce5 11. Be2 Nb6 12. a4 a5 13. Ra3 c6 14. Rb3 Nec4 15. Kg2 Qc7 16. h4 h5 17. Qd3 Rac8 18. Rd1 Ne5 19. Qe3 Nbd7 20. f4 Ng4 21. Bxg4 hxg4 22. Qe2 Nf6 23. Be3 Rfe8 24. Bb6 Qd7 25. Bxa5 cxd5 26. exd5 e6 27. Qb5 Qxb5 28. Rxb5 exd5 29. Kf2 Rxc3 30. bxc3 Ne4+ 31. Kg2 Bxc3 32. Rbxd5 Bxa5 33. Rxa5 Rc8 34. Rc1 Rc3 35. Rb5 Rxg3+ 36. Kf1 Rf3+ 37. Ke1 g3 38. Rb3 Rxf4 39. Ke2 Rxh4 40. Rxb7 Nc5 41. Rb8+ Kg7 42. a5 Ra4 43. Kf3 Ra3+ 44. Kg2 Ne4 45. Rb5 f5 46. Rd1 Kf6 47. Rbd5 Ra2 48. Rc1 Kg5 49. Kf3 Kf6 50. Kg2 g5 51. Rf1 Rxc2+ 52. Kg1 f4 53. Ra1 f3 54. a6 Rg2+ 55. Kf1 Rh2 56. Kg1 f2+ 57. Kf1 Rh1+ 58. Kg2 Rxa1 59. Rd1 Rxd1 0-1


[Site "https://www.chess.com"]